Wild vs Jets

Created - 12 janvier 2019 at 22:48

Goals
1 2 3 T
Wild 1 2 1 4
Jets 2 3 1 6
Shots
1 2 3 T
Wild 13 12 10 35
Jets 10 15 18 43

1st period

1. Jets , Jay Bouwmeester 4 (Cam Atkinson 17, Zach Bogosian 11) at 6:44
2. Jets , Jake Muzzin 5 (Mikko Koivu 18) at 17:01 (PP)
3. Wild , Adam Cracknell 8 (Christian Dvorak 14) at 18:01

Penalties :
Jeff Skinner (WPG) for Roughing (Minor) at 4:26, Ian Cole (MIN) for High sticking (Double Minor) at 14:19

2nd period

4. Jets , Mikko Koivu 8 (Cam Atkinson 18, Rickard Rakell 12) at 1:19
5. Wild , Luke Schenn 4 (Trevor Lewis 11, Christian Dvorak 15) at 1:59
6. Jets , Cam Atkinson 10 (Jake Muzzin 14, Rickard Rakell 13) at 11:23
7. Jets , Ondrej Kase 7 (Mika Zibanejad 18, Jeff Skinner 14) at 12:57
8. Wild , Derick Brassard 14 (Jason Spezza 10, Patrik Nemeth 6) at 16:27

Penalties :
Adam Cracknell (MIN) for Roughing (Minor) at 3:20, Adam Cracknell (MIN) for Elbowing (Minor) at 7:13

3rd period

9. Wild , Adam Cracknell 9 (Christian Dvorak 16, Trevor Lewis 12) at 9:51
10. Jets , Ondrej Kase 8 (Jay Bouwmeester 8) at 16:17

Penalties :
Ian Cole (MIN) for Roughing (Minor) at 16:40

Goalie Stats

Adin Hill (MIN), 22 saves from 24 shots - (0.917), L, 0-2-0, 28:37 minutes
James Reimer (MIN), 15 saves from 19 shots - (0.789), 31:23 minutes
Cory Schneider (WPG), 31 saves from 35 shots - (0.886), W, 20-5-6, 60:00 minutes

Players Stats for Wild

Player Name              G  A  P  +/- PIM S  H  SB GA TA FO     MP     PP MP  PK MP  
------------------------------------------------------------------------------------
Adam Cracknell           2  0  2   3  4   6  5  1  0  0  2/6    18:13   0:45   0:38 
Andreas Borgman          0  0  0   0  0   0  1  0  0  0  0/0     4:07   0:00   1:09 
Christian Dvorak         0  3  3   3  0   3  1  0  0  0  10/21  23:01   0:37   4:23 
Christian Fischer        0  0  0   0  0   0  0  0  0  0  0/1     1:09   0:38   0:00 
Christian Folin          0  0  0  -1  0   0  4  1  0  0  0/0    19:42   1:14   3:30 
Derick Brassard          1  0  1  -2  0   2  1  0  0  0  25/40  23:07   0:36   5:16 
Ian Cole                 0  0  0  -1  6   0  0  1  0  0  0/0    17:29   1:14   1:19 
Jason Pominville         0  0  0  -2  0   0  0  0  0  0  0/2    14:55   0:08   0:00 
Jason Spezza             0  1  1  -2  0   1  0  0  0  0  1/1    17:47   1:14   0:02 
Joonas Donskoi           0  0  0  -2  0   1  0  0  0  0  0/0    16:55   0:00   2:08 
Josh Gorges              0  0  0   1  0   2  1  0  0  0  0/0    15:36   0:00   1:32 
Luke Schenn              1  0  1  -1  0   1  2  5  0  0  0/0    22:43   0:45   4:36 
Marc-Edouard Vlasic      0  0  0  -1  0   2  0  2  0  0  0/0    25:44   0:45   4:39 
Patrik Nemeth            0  1  1   1  0   0  0  0  0  0  0/0    14:37   0:00   0:33 
Ryan Callahan            0  0  0   0  0   0  0  0  0  0  0/0     1:12   0:00   0:00 
Tanner Pearson           0  0  0  -2  0   5  2  1  0  0  0/0    20:30   1:14   2:45 
Trevor Lewis             0  2  2   3  0   9  0  0  0  0  1/4    17:37   0:45   0:00 
Tyler Bozak              0  0  0  -2  0   3  0  1  0  0  10/25  16:53   0:00   2:06 

Players Stats for Jets

Player Name              G  A  P  +/- PIM S  H  SB GA TA FO     MP     PP MP  PK MP  
------------------------------------------------------------------------------------
Cam Atkinson             1  2  3   1  0   7  0  0  0  0  1/3    23:05   3:30   0:00 
Carl Soderberg           0  0  0  -1  0   0  1  0  0  0  3/4    16:36   0:33   1:19 
Derek MacKenzie          0  0  0   0  0   0  0  0  0  0  6/10    4:58   0:00   0:40 
Erik Gustafsson          0  0  0   0  0   0  0  0  0  0  0/0     8:50   4:38   0:00 
Hampus Lindholm          0  0  0  -1  0   5  1  1  0  0  0/0    24:39   4:01   0:50 
Jake Guentzel            0  0  0   0  0   1  0  0  0  0  0/0     4:18   0:00   0:00 
Jake Muzzin              1  1  2  -1  0   4  1  1  0  0  0/0    24:41   4:03   0:50 
Jay Bouwmeester          1  1  2   2  0   2  0  2  0  0  0/0    16:54   0:00   1:09 
Jeff Skinner             0  1  1   1  2   2  0  0  0  0  0/0    19:05   4:03   0:00 
Mika Zibanejad           0  1  1   1  0   2  2  2  0  0  12/22  19:04   4:01   0:00 
Mikko Koivu              1  1  2   1  0   7  0  0  0  0  20/41  24:53   4:38   0:40 
Niklas Kronwall          0  0  0   0  0   1  1  0  0  0  0/0    10:45   1:08   0:00 
Ondrej Kase              2  0  2   1  0   5  1  0  0  0  0/1    19:04   4:01   0:00 
Patrice Bergeron         0  0  0  -1  0   3  2  0  0  0  2/2    10:26   0:00   0:00 
Radek Faksa              0  0  0  -1  0   1  0  1  0  0  6/16   11:45   0:00   1:19 
Rickard Rakell           0  2  2   1  0   2  4  0  0  0  1/1    24:13   4:38   0:00 
Tobias Enstrom           0  0  0   0  0   1  3  0  0  0  0/0    13:49   0:00   0:00 
Zach Bogosian            0  1  1   2  0   0  1  0  0  0  0/0    20:55   4:01   1:09 

3 Stars

1 - Ondrej Kase (WPG)
2 - Cam Atkinson (WPG)
3 - Adam Cracknell (MIN)

Power Play

Wild - 0 on 1 Attempt(s) - 0.00%
Jets - 1 on 5 Attempt(s) - 20.00%

Penalty Kill

Wild - 4 on 5 Attempt(s) - 80.00% - Score 0 goal in Penalty Kill
Jets - 1 on 1 Attempt(s) - 100.00% - Score 0 goal in Penalty Kill

Team Stat

Wild - Hits : 17 - Faceoff Wins : 49 - Blocked Shots : 12 - Penalty Minutes : 10
Jets - Hits : 17 - Faceoff Wins : 51 - Blocked Shots : 7 - Penalty Minutes : 2

Official

Referees : Tim Peel and Francois StLaurent
Linesman : Brad Lazarowich and Tim Nowak

Game Notes

Adin Hill enters game at 11:23 of 2nd period

Finance

Level 1 -- Attendance: 5189 (86.48%) -- Ticket Income 622 680 $
Level 2 -- Attendance: 3251 (65.02%) -- Ticket Income 357 610 $
Level 3 -- Attendance: 1626 (73.91%) -- Ticket Income 162 600 $
Level 4 -- Attendance: 1016 (100.00%) -- Ticket Income 91 440 $
Luxury Box -- Attendance: 486 (60.75%) -- Ticket Income 165 240 $
Game was played at the MTS Center.
Total Attendance: 11568 (77.04%)
Total Ticket Income: 1 399 570 $
Other Income: 685 789 $
Total Income: 2 085 359 $

% Time on Ice - Wild

Lines # - Real PCT - Wanted PCT - Time Play
Normal Forward
1 - 33% - 40% - 16:31
2 - 34% - 30% - 16:52
3 - 30% - 20% - 14:47
4 - 2% - 10% - 1:12
Normal Defense
1 - 35% - 44% - 17:22
2 - 30% - 30% - 14:58
3 - 28% - 26% - 14:04
4 - 6% - 0% - 2:58
PP Forward
1 - 62% - 60% - 1:14
2 - 38% - 40% - 0:45
PP Defense
1 - 38% - 60% - 0:45
2 - 62% - 40% - 1:14
PK Forward
1 - 68% - 60% - 5:54
2 - 32% - 40% - 2:45
PK Defense
1 - 53% - 60% - 4:36
2 - 47% - 40% - 4:03
PK3 Forward
1 - 0% - 60%
2 - 0% - 40%
PK3 Defense
1 - 0% - 60%
2 - 0% - 40%
44 Forward
1 - 0% - 60%
2 - 0% - 40%
44 Defense
1 - 0% - 60%
2 - 0% - 40%
Last Minute Offensive  - 0:00
Last Minute Defensive  - 0:00
Total
Forward - 60:00
Defense - 60:00

% Time on Ice - Jets

Lines # - Real PCT - Wanted PCT - Time Play
Normal Forward
1 - 40% - 40% - 19:35
2 - 30% - 30% - 15:03
3 - 21% - 20% - 10:26
4 - 9% - 10% - 4:18
Normal Defense
1 - 40% - 40% - 19:48
2 - 32% - 30% - 15:45
3 - 19% - 20% - 9:37
4 - 9% - 10% - 4:12
PP Forward
1 - 54% - 60% - 4:38
2 - 46% - 40% - 4:01
PP Defense
1 - 54% - 60% - 4:38
2 - 46% - 40% - 4:01
PK Forward
1 - 66% - 60% - 1:19
2 - 34% - 40% - 0:40
PK Defense
1 - 42% - 60% - 0:50
2 - 58% - 40% - 1:09
PK3 Forward
1 - 0% - 60%
2 - 0% - 40%
PK3 Defense
1 - 0% - 60%
2 - 0% - 40%
44 Forward
1 - 0% - 60%
2 - 0% - 40%
44 Defense
1 - 0% - 60%
2 - 0% - 40%
Last Minute Offensive  - 0:00
Last Minute Defensive  - 0:00
Total
Forward - 60:00
Defense - 60:00

Play-by-Play

1st period


0:01 of 1st period - Mikko Koivu wins face-off versus Derick Brassard in neutral zone.
0:24 of 1st period - Shot by Mikko Koivu.
0:24 of 1st period - Shot Blocked by Luke Schenn.
0:26 of 1st period - Shot by Cam Atkinson.
0:26 of 1st period - Deflect By Mikko Koivu.
0:26 of 1st period - Stopped by James Reimer without a rebound.
0:27 of 1st period - Christian Dvorak wins face-off versus Mika Zibanejad in Wild zone.
0:36 of 1st period - Shot by Adam Cracknell.
0:36 of 1st period - Shot Misses the Net.
0:44 of 1st period - Shot by Adam Cracknell.
0:44 of 1st period - Shot Blocked by Mika Zibanejad.
0:46 of 1st period - Shot by Trevor Lewis.
0:46 of 1st period - Stopped by Cory Schneider with a rebound.
0:48 of 1st period - Shot by Christian Dvorak.
0:48 of 1st period - Shot Misses the Net.
0:50 of 1st period - Shot by Adam Cracknell.
0:50 of 1st period - Stopped by Cory Schneider with a rebound.
0:52 of 1st period - Shot by Adam Cracknell.
0:52 of 1st period - Stopped by Cory Schneider with a rebound.
0:54 of 1st period - Shot by Ian Cole.
0:54 of 1st period - Shot Misses the Net.
0:56 of 1st period - Shot by Trevor Lewis.
0:56 of 1st period - Stopped by Cory Schneider without a rebound.
0:57 of 1st period - Carl Soderberg wins face-off versus Tyler Bozak in Jets zone.
1:13 of 1st period - Icing by Niklas Kronwall.
1:14 of 1st period - Carl Soderberg wins face-off versus Derick Brassard in Jets zone.
2:39 of 1st period - Shot by Mikko Koivu.
2:39 of 1st period - Shot Misses the Net.
2:41 of 1st period - Shot by Mikko Koivu.
2:41 of 1st period - Stopped by James Reimer without a rebound.
2:42 of 1st period - Mika Zibanejad wins face-off versus Adam Cracknell in Wild zone.
2:53 of 1st period - Shot by Jay Bouwmeester.
2:53 of 1st period - Shot Misses the Net.
2:55 of 1st period - Shot by Zach Bogosian.
2:55 of 1st period - Deflect By Mika Zibanejad.
2:55 of 1st period - Shot Misses the Net.
2:57 of 1st period - Shot by Ondrej Kase.
2:57 of 1st period - Stopped by James Reimer without a rebound.
2:58 of 1st period - Derick Brassard wins face-off versus Derek MacKenzie in Wild zone.
3:02 of 1st period - Icing by Ryan Callahan.
3:03 of 1st period - Derick Brassard wins face-off versus Mikko Koivu in Wild zone.
4:00 of 1st period - Mika Zibanejad is hit by Andreas Borgman and loses puck.
4:26 of 1st period - Minor Penalty to Jeff Skinner for Roughing.
4:27 of 1st period - Radek Faksa wins face-off versus Christian Fischer in Jets zone.
4:45 of 1st period - Tanner Pearson is hit by Zach Bogosian and loses puck.
5:10 of 1st period - Shot by Luke Schenn.
5:10 of 1st period - Shot Blocked by Radek Faksa.
5:12 of 1st period - Shot by Marc-Edouard Vlasic.
5:12 of 1st period - Stopped by Cory Schneider without a rebound.
5:13 of 1st period - Christian Dvorak wins face-off versus Derek MacKenzie in Jets zone.
5:14 of 1st period - Shot by Adam Cracknell.
5:14 of 1st period - Stopped by Cory Schneider without a rebound.
5:15 of 1st period - Derek MacKenzie wins face-off versus Christian Dvorak in Jets zone.
5:24 of 1st period - Shot by Christian Dvorak.
5:24 of 1st period - Shot Misses the Net.
5:26 of 1st period - Shot by Trevor Lewis.
5:26 of 1st period - Shot Misses the Net.
5:28 of 1st period - Shot by Christian Dvorak.
5:28 of 1st period - Shot Misses the Net.
5:32 of 1st period - Shot by Christian Dvorak.
5:32 of 1st period - Shot Misses the Net.
5:42 of 1st period - Shot by Christian Dvorak.
5:42 of 1st period - Stopped by Cory Schneider without a rebound.
5:43 of 1st period - Radek Faksa wins face-off versus Derick Brassard in Jets zone.
6:18 of 1st period - Off-side.
6:19 of 1st period - Carl Soderberg wins face-off versus Christian Dvorak in neutral zone.
6:28 of 1st period - Shot by Trevor Lewis.
6:28 of 1st period - Stopped by Cory Schneider without a rebound.
6:29 of 1st period - Mikko Koivu wins face-off versus Tyler Bozak in Jets zone.
6:40 of 1st period - Shot by Cam Atkinson.
6:40 of 1st period - Shot Misses the Net.
6:42 of 1st period - Shot by Cam Atkinson.
6:42 of 1st period - Shot Misses the Net.
6:44 of 1st period - Shot by Jay Bouwmeester.
6:44 of 1st period - Goal by Jay Bouwmeester - Wild : 0 - Jets : 1.
6:45 of 1st period - Mika Zibanejad wins face-off versus Christian Dvorak in neutral zone.
7:00 of 1st period - Shot by Marc-Edouard Vlasic.
7:00 of 1st period - Stopped by Cory Schneider with a rebound.
7:07 of 1st period - Icing by Jake Muzzin.
7:08 of 1st period - Mika Zibanejad wins face-off versus Derick Brassard in Jets zone.
7:13 of 1st period - Shot by Jeff Skinner.
7:13 of 1st period - Deflect By Mika Zibanejad.
7:13 of 1st period - Shot Misses the Net.
7:15 of 1st period - Shot by Mika Zibanejad.
7:15 of 1st period - Deflect By Jeff Skinner.
7:15 of 1st period - Shot Misses the Net.
7:17 of 1st period - Shot by Hampus Lindholm.
7:17 of 1st period - Stopped by James Reimer without a rebound.
7:18 of 1st period - Derick Brassard wins face-off versus Mikko Koivu in Wild zone.
7:50 of 1st period - Shot by Mikko Koivu.
7:50 of 1st period - Shot Misses the Net.
7:58 of 1st period - Mikko Koivu is hit by Tanner Pearson and loses puck.
8:22 of 1st period - Shot by Christian Dvorak.
8:22 of 1st period - Shot Misses the Net.
8:24 of 1st period - Shot by Adam Cracknell.
8:24 of 1st period - Shot Misses the Net.
8:36 of 1st period - Shot by Trevor Lewis.
8:36 of 1st period - Stopped by Cory Schneider without a rebound.
8:37 of 1st period - Tyler Bozak wins face-off versus Derek MacKenzie in Jets zone.
9:02 of 1st period - Shot by Hampus Lindholm.
9:02 of 1st period - Stopped by James Reimer with a rebound.
9:04 of 1st period - Shot by Carl Soderberg.
9:04 of 1st period - Shot Misses the Net.
9:22 of 1st period - Tyler Bozak is hit by Carl Soderberg and loses puck.
9:56 of 1st period - Shot by Jeff Skinner.
9:56 of 1st period - Shot Misses the Net.
10:02 of 1st period - Tobias Enstrom is hit by Derick Brassard and loses puck.
10:17 of 1st period - Shot by Tanner Pearson.
10:17 of 1st period - Stopped by Cory Schneider without a rebound.
10:18 of 1st period - Trevor Lewis wins face-off versus Radek Faksa in Jets zone.
10:54 of 1st period - Icing by Christian Folin.
10:55 of 1st period - Cam Atkinson wins face-off versus Adam Cracknell in Wild zone.
11:36 of 1st period - Icing by Mikko Koivu.
11:37 of 1st period - Tyler Bozak wins face-off versus Mikko Koivu in Jets zone.
11:40 of 1st period - Shot by Joonas Donskoi.
11:40 of 1st period - Shot Blocked by Jay Bouwmeester.
11:52 of 1st period - Shot by Jason Pominville.
11:52 of 1st period - Shot Misses the Net.
12:07 of 1st period - Icing by Josh Gorges.
12:08 of 1st period - Mika Zibanejad wins face-off versus Jason Pominville in Wild zone.
12:29 of 1st period - Shot by Jake Muzzin.
12:29 of 1st period - Deflect By Ondrej Kase.
12:29 of 1st period - Stopped by James Reimer without a rebound.
12:30 of 1st period - Derick Brassard wins face-off versus Radek Faksa in Wild zone.
12:41 of 1st period - Shot by Tanner Pearson.
12:41 of 1st period - Shot Misses the Net.
13:02 of 1st period - Shot by Erik Gustafsson.
13:02 of 1st period - Shot Blocked by Luke Schenn.
13:04 of 1st period - Shot by Tobias Enstrom.
13:04 of 1st period - Shot Misses the Net.
13:36 of 1st period - Shot by Jake Muzzin.
13:36 of 1st period - Stopped by James Reimer with a rebound.
13:40 of 1st period - Shot by Ondrej Kase.
13:40 of 1st period - Shot Blocked by Adam Cracknell.
14:14 of 1st period - Shot by Rickard Rakell.
14:14 of 1st period - Stopped by James Reimer with a rebound.
14:19 of 1st period - Double Minor Penalty to Ian Cole for High sticking.
14:20 of 1st period - Derick Brassard wins face-off versus Mikko Koivu in Wild zone.
14:20 of 1st period - Derick Brassard is hit by Rickard Rakell.
14:44 of 1st period - Shot by Mikko Koivu.
14:44 of 1st period - Shot Blocked by Luke Schenn.
14:46 of 1st period - Shot by Rickard Rakell.
14:46 of 1st period - Shot Misses the Net.
15:04 of 1st period - Shot by Mika Zibanejad.
15:04 of 1st period - Shot Blocked by Luke Schenn.
15:52 of 1st period - Icing by Mikko Koivu.
15:53 of 1st period - Mikko Koivu wins face-off versus Adam Cracknell in Jets zone.
15:53 of 1st period - Mikko Koivu is hit by Adam Cracknell.
16:43 of 1st period - Icing by Erik Gustafsson.
16:44 of 1st period - Mikko Koivu wins face-off versus Tyler Bozak in Jets zone.
16:55 of 1st period - Icing by Mikko Koivu.
16:56 of 1st period - Mikko Koivu wins face-off versus Derick Brassard in Jets zone.
17:01 of 1st period - Shot by Jake Muzzin.
17:01 of 1st period - Goal by Jake Muzzin - Wild : 0 - Jets : 2.
17:02 of 1st period - Tyler Bozak wins face-off versus Radek Faksa in neutral zone.
17:05 of 1st period - Shot by Jason Pominville.
17:05 of 1st period - Shot Misses the Net.
17:20 of 1st period - Tyler Bozak is hit by Tobias Enstrom and loses puck.
17:30 of 1st period - Tyler Bozak is hit by Niklas Kronwall and loses puck.
17:46 of 1st period - Icing by Niklas Kronwall.
17:47 of 1st period - Christian Dvorak wins face-off versus Radek Faksa in Jets zone.
17:47 of 1st period - Christian Dvorak is hit by Tobias Enstrom.
18:01 of 1st period - Shot by Adam Cracknell.
18:01 of 1st period - Goal by Adam Cracknell - Wild : 1 - Jets : 2.
18:02 of 1st period - Mikko Koivu wins face-off versus Derick Brassard in neutral zone.
18:38 of 1st period - Shot by Derick Brassard.
18:38 of 1st period - Shot Hit the Post.
19:59 of 1st period - Shot by Tyler Bozak.
19:59 of 1st period - Stopped by Cory Schneider without a rebound.
Goals for this period are 1 for Wild vs 2 for Jets.
Shots for this period are 13 for Wild vs 10 for Jets.

2nd period


0:01 of 2nd period - Derick Brassard wins face-off versus Mikko Koivu in neutral zone.
0:30 of 2nd period - Shot by Tanner Pearson.
0:30 of 2nd period - Stopped by Cory Schneider without a rebound.
0:31 of 2nd period - Derek MacKenzie wins face-off versus Adam Cracknell in Jets zone.
0:31 of 2nd period - Derek MacKenzie is hit by Adam Cracknell.
0:55 of 2nd period - Shot by Trevor Lewis.
0:55 of 2nd period - Deflect By Christian Dvorak.
0:55 of 2nd period - Stopped by Cory Schneider without a rebound.
0:56 of 2nd period - Mika Zibanejad wins face-off versus Tyler Bozak in Jets zone.
1:07 of 2nd period - Shot by Mika Zibanejad.
1:07 of 2nd period - Shot Misses the Net.
1:09 of 2nd period - Shot by Jake Muzzin.
1:09 of 2nd period - Stopped by James Reimer without a rebound.
1:10 of 2nd period - Mikko Koivu wins face-off versus Derick Brassard in Wild zone.
1:17 of 2nd period - Shot by Cam Atkinson.
1:17 of 2nd period - Shot Misses the Net.
1:19 of 2nd period - Shot by Mikko Koivu.
1:19 of 2nd period - Goal by Mikko Koivu - Wild : 1 - Jets : 3.
1:20 of 2nd period - Adam Cracknell wins face-off versus Mika Zibanejad in neutral zone.
1:57 of 2nd period - Shot by Trevor Lewis.
1:57 of 2nd period - Shot Blocked by Hampus Lindholm.
1:59 of 2nd period - Shot by Luke Schenn.
1:59 of 2nd period - Goal by Luke Schenn - Wild : 2 - Jets : 3.
2:00 of 2nd period - Derick Brassard wins face-off versus Mikko Koivu in neutral zone.
2:07 of 2nd period - Shot by Tanner Pearson.
2:07 of 2nd period - Shot Misses the Net.
2:29 of 2nd period - Shot by Cam Atkinson.
2:29 of 2nd period - Shot Misses the Net.
2:37 of 2nd period - Shot by Cam Atkinson.
2:37 of 2nd period - Stopped by James Reimer without a rebound.
2:38 of 2nd period - Radek Faksa wins face-off versus Tyler Bozak in Wild zone.
3:20 of 2nd period - Minor Penalty to Adam Cracknell for Roughing.
3:21 of 2nd period - Mikko Koivu wins face-off versus Derick Brassard in Wild zone.
3:26 of 2nd period - Shot by Mikko Koivu.
3:26 of 2nd period - Shot Misses the Net.
3:37 of 2nd period - Icing by Jake Muzzin.
3:38 of 2nd period - Derick Brassard wins face-off versus Mikko Koivu in Jets zone.
3:46 of 2nd period - Icing by Mikko Koivu.
3:47 of 2nd period - Derick Brassard wins face-off versus Mikko Koivu in Jets zone.
4:39 of 2nd period - Shot by Mika Zibanejad.
4:39 of 2nd period - Shot Misses the Net.
4:41 of 2nd period - Shot by Hampus Lindholm.
4:41 of 2nd period - Shot Blocked by Marc-Edouard Vlasic.
4:43 of 2nd period - Shot by Zach Bogosian.
4:43 of 2nd period - Shot Misses the Net.
5:26 of 2nd period - Shot by Jake Guentzel.
5:26 of 2nd period - Shot Misses the Net.
5:28 of 2nd period - Shot by Carl Soderberg.
5:28 of 2nd period - Shot Misses the Net.
5:32 of 2nd period - Shot by Derek MacKenzie.
5:32 of 2nd period - Deflect By Jake Guentzel.
5:32 of 2nd period - Stopped by James Reimer without a rebound.
5:33 of 2nd period - Tyler Bozak wins face-off versus Radek Faksa in Wild zone.
5:38 of 2nd period - Shot by Joonas Donskoi.
5:38 of 2nd period - Shot Misses the Net.
5:46 of 2nd period - Shot by Patrice Bergeron.
5:46 of 2nd period - Stopped by James Reimer without a rebound.
5:47 of 2nd period - Derek MacKenzie wins face-off versus Jason Pominville in Wild zone.
6:54 of 2nd period - Shot by Christian Fischer.
6:54 of 2nd period - Shot Hit the Post.
6:56 of 2nd period - Shot by Ian Cole.
6:56 of 2nd period - Shot Blocked by Jay Bouwmeester.
6:58 of 2nd period - Shot by Jason Spezza.
6:58 of 2nd period - Stopped by Cory Schneider without a rebound.
6:59 of 2nd period - Adam Cracknell wins face-off versus Mika Zibanejad in Jets zone.
7:02 of 2nd period - Shot by Trevor Lewis.
7:02 of 2nd period - Stopped by Cory Schneider without a rebound.
7:03 of 2nd period - Christian Dvorak wins face-off versus Mikko Koivu in Jets zone.
7:13 of 2nd period - Minor Penalty to Adam Cracknell for Elbowing.
7:14 of 2nd period - Derick Brassard wins face-off versus Mikko Koivu in Wild zone.
7:25 of 2nd period - Shot by Jake Muzzin.
7:25 of 2nd period - Shot Misses the Net.
7:27 of 2nd period - Shot by Mikko Koivu.
7:27 of 2nd period - Stopped by James Reimer without a rebound.
7:28 of 2nd period - Tyler Bozak wins face-off versus Ondrej Kase in Wild zone.
7:39 of 2nd period - Shot by Hampus Lindholm.
7:39 of 2nd period - Shot Misses the Net.
7:53 of 2nd period - Shot by Hampus Lindholm.
7:53 of 2nd period - Stopped by James Reimer without a rebound.
7:54 of 2nd period - Mikko Koivu wins face-off versus Tyler Bozak in Wild zone.
9:20 of 2nd period - Icing by Josh Gorges.
9:21 of 2nd period - Radek Faksa wins face-off versus Christian Dvorak in Wild zone.
9:44 of 2nd period - Christian Dvorak is hit by Patrice Bergeron and loses puck.
9:57 of 2nd period - Shot by Radek Faksa.
9:57 of 2nd period - Shot Hit the Post.
9:59 of 2nd period - Shot by Radek Faksa.
9:59 of 2nd period - Shot Misses the Net.
10:40 of 2nd period - Off-side.
10:41 of 2nd period - Tyler Bozak wins face-off versus Mika Zibanejad in neutral zone.
11:15 of 2nd period - Icing by Joonas Donskoi.
11:16 of 2nd period - Mikko Koivu wins face-off versus Tyler Bozak in Wild zone.
11:17 of 2nd period - Shot by Cam Atkinson.
11:17 of 2nd period - Stopped by James Reimer without a rebound.
11:18 of 2nd period - Mikko Koivu wins face-off versus Derick Brassard in Wild zone.
11:23 of 2nd period - Shot by Cam Atkinson.
11:23 of 2nd period - Goal by Cam Atkinson - Wild : 2 - Jets : 4.
11:23 of 2nd period - Adin Hill enters game.
11:24 of 2nd period - Jason Spezza wins face-off versus Mikko Koivu in neutral zone.
12:05 of 2nd period - Icing by Rickard Rakell.
12:06 of 2nd period - Tyler Bozak wins face-off versus Cam Atkinson in Jets zone.
12:09 of 2nd period - Shot by Joonas Donskoi.
12:09 of 2nd period - Shot Blocked by Jake Muzzin.
12:15 of 2nd period - Shot by Cam Atkinson.
12:15 of 2nd period - Stopped by Adin Hill with a rebound.
12:45 of 2nd period - Shot by Mika Zibanejad.
12:45 of 2nd period - Stopped by Adin Hill with a rebound.
12:57 of 2nd period - Shot by Ondrej Kase.
12:57 of 2nd period - Goal by Ondrej Kase - Wild : 2 - Jets : 5.
12:58 of 2nd period - Christian Dvorak wins face-off versus Radek Faksa in neutral zone.
13:59 of 2nd period - Shot by Mikko Koivu.
13:59 of 2nd period - Stopped by Adin Hill without a rebound.
14:00 of 2nd period - Mika Zibanejad wins face-off versus Derick Brassard in Wild zone.
14:21 of 2nd period - Shot by Tanner Pearson.
14:21 of 2nd period - Stopped by Cory Schneider without a rebound.
14:22 of 2nd period - Rickard Rakell wins face-off versus Tyler Bozak in Jets zone.
14:39 of 2nd period - Cam Atkinson is hit by Christian Folin.
15:21 of 2nd period - Shot by Jeff Skinner.
15:21 of 2nd period - Stopped by Adin Hill without a rebound.
15:22 of 2nd period - Derick Brassard wins face-off versus Derek MacKenzie in Wild zone.
15:39 of 2nd period - Off-side.
15:40 of 2nd period - Mika Zibanejad wins face-off versus Christian Dvorak in neutral zone.
16:10 of 2nd period - Shot by Trevor Lewis.
16:10 of 2nd period - Stopped by Cory Schneider without a rebound.
16:11 of 2nd period - Derick Brassard wins face-off versus Mikko Koivu in Jets zone.
16:14 of 2nd period - Shot by Tanner Pearson.
16:14 of 2nd period - Deflect By Derick Brassard.
16:14 of 2nd period - Stopped by Cory Schneider without a rebound.
16:15 of 2nd period - Mikko Koivu wins face-off versus Derick Brassard in Jets zone.
16:15 of 2nd period - Mikko Koivu is hit by Tanner Pearson.
16:27 of 2nd period - Shot by Jason Spezza.
16:27 of 2nd period - Deflect By Derick Brassard.
16:27 of 2nd period - Goal by Derick Brassard - Wild : 3 - Jets : 5.
16:28 of 2nd period - Mika Zibanejad wins face-off versus Trevor Lewis in neutral zone.
17:43 of 2nd period - Shot by Cam Atkinson.
17:43 of 2nd period - Shot Blocked by Ian Cole.
17:45 of 2nd period - Shot by Cam Atkinson.
17:45 of 2nd period - Stopped by Adin Hill without a rebound.
17:46 of 2nd period - Tyler Bozak wins face-off versus Radek Faksa in Wild zone.
18:09 of 2nd period - Icing by Josh Gorges.
18:10 of 2nd period - Mikko Koivu wins face-off versus Tyler Bozak in Wild zone.
18:28 of 2nd period - Icing by Rickard Rakell.
18:29 of 2nd period - Mikko Koivu wins face-off versus Derick Brassard in Jets zone.
19:12 of 2nd period - Icing by Jason Spezza.
19:13 of 2nd period - Derick Brassard wins face-off versus Mika Zibanejad in Wild zone.
19:42 of 2nd period - Shot by Christian Dvorak.
19:42 of 2nd period - Stopped by Cory Schneider without a rebound.
19:43 of 2nd period - Derek MacKenzie wins face-off versus Tyler Bozak in Jets zone.
19:54 of 2nd period - Shot by Tyler Bozak.
19:54 of 2nd period - Stopped by Cory Schneider with a rebound.
19:56 of 2nd period - Shot by Josh Gorges.
19:56 of 2nd period - Stopped by Cory Schneider without a rebound.
19:57 of 2nd period - Patrice Bergeron wins face-off versus Trevor Lewis in Jets zone.
19:57 of 2nd period - Patrice Bergeron is hit by Adam Cracknell.
Goals for this period are 2 for Wild vs 3 for Jets.
Shots for this period are 12 for Wild vs 15 for Jets.

3rd period


0:01 of 3rd period - Derick Brassard wins face-off versus Mikko Koivu in neutral zone.
0:18 of 3rd period - Icing by Luke Schenn.
0:19 of 3rd period - Mika Zibanejad wins face-off versus Derick Brassard in Wild zone.
0:20 of 3rd period - Shot by Ondrej Kase.
0:20 of 3rd period - Shot Misses the Net.
0:27 of 3rd period - Icing by Marc-Edouard Vlasic.
0:28 of 3rd period - Derick Brassard wins face-off versus Mikko Koivu in Wild zone.
0:33 of 3rd period - Shot by Tanner Pearson.
0:33 of 3rd period - Stopped by Cory Schneider without a rebound.
0:34 of 3rd period - Mikko Koivu wins face-off versus Christian Dvorak in Jets zone.
0:57 of 3rd period - Shot by Jake Muzzin.
0:57 of 3rd period - Stopped by Adin Hill with a rebound.
1:01 of 3rd period - Shot by Cam Atkinson.
1:01 of 3rd period - Stopped by Adin Hill without a rebound.
1:02 of 3rd period - Derick Brassard wins face-off versus Mika Zibanejad in Wild zone.
1:16 of 3rd period - Jeff Skinner is hit by Luke Schenn and loses puck.
1:37 of 3rd period - Shot by Jeff Skinner.
1:37 of 3rd period - Shot Blocked by Tanner Pearson.
1:50 of 3rd period - Icing by Luke Schenn.
1:51 of 3rd period - Mikko Koivu wins face-off versus Derick Brassard in Wild zone.
1:54 of 3rd period - Shot by Cam Atkinson.
1:54 of 3rd period - Stopped by Adin Hill without a rebound.
1:55 of 3rd period - Christian Dvorak wins face-off versus Mikko Koivu in Wild zone.
2:16 of 3rd period - Shot by Adam Cracknell.
2:16 of 3rd period - Stopped by Cory Schneider without a rebound.
2:17 of 3rd period - Tyler Bozak wins face-off versus Radek Faksa in Jets zone.
2:54 of 3rd period - Shot by Patrice Bergeron.
2:54 of 3rd period - Shot Misses the Net.
2:56 of 3rd period - Shot by Patrice Bergeron.
2:56 of 3rd period - Stopped by Adin Hill without a rebound.
2:57 of 3rd period - Derick Brassard wins face-off versus Cam Atkinson in Wild zone.
3:15 of 3rd period - Icing by Jake Muzzin.
3:16 of 3rd period - Mikko Koivu wins face-off versus Christian Dvorak in Jets zone.
3:26 of 3rd period - Icing by Christian Dvorak.
3:27 of 3rd period - Mika Zibanejad wins face-off versus Christian Dvorak in Wild zone.
3:30 of 3rd period - Shot by Mika Zibanejad.
3:30 of 3rd period - Shot Misses the Net.
4:00 of 3rd period - Shot by Mika Zibanejad.
4:00 of 3rd period - Deflect By Jeff Skinner.
4:00 of 3rd period - Shot Misses the Net.
4:02 of 3rd period - Shot by Jay Bouwmeester.
4:02 of 3rd period - Stopped by Adin Hill without a rebound.
4:03 of 3rd period - Derick Brassard wins face-off versus Mikko Koivu in Wild zone.
5:02 of 3rd period - Shot by Tyler Bozak.
5:02 of 3rd period - Shot Misses the Net.
5:08 of 3rd period - Shot by Tyler Bozak.
5:08 of 3rd period - Stopped by Cory Schneider without a rebound.
5:09 of 3rd period - Mika Zibanejad wins face-off versus Trevor Lewis in Jets zone.
5:09 of 3rd period - Mika Zibanejad is hit by Christian Dvorak.
5:20 of 3rd period - Icing by Ian Cole.
5:21 of 3rd period - Derek MacKenzie wins face-off versus Christian Dvorak in Wild zone.
5:29 of 3rd period - Jake Guentzel is hit by Christian Folin and loses puck.
5:58 of 3rd period - Carl Soderberg is hit by Christian Folin and loses puck.
6:17 of 3rd period - Derick Brassard is hit by Ondrej Kase and loses puck.
6:43 of 3rd period - Shot by Ondrej Kase.
6:43 of 3rd period - Stopped by Adin Hill without a rebound.
6:44 of 3rd period - Mikko Koivu wins face-off versus Tyler Bozak in Wild zone.
6:44 of 3rd period - Mikko Koivu is hit by Josh Gorges.
7:00 of 3rd period - Shot by Jason Pominville.
7:00 of 3rd period - Deflect By Joonas Donskoi.
7:00 of 3rd period - Stopped by Cory Schneider without a rebound.
7:01 of 3rd period - Derick Brassard wins face-off versus Radek Faksa in Jets zone.
7:02 of 3rd period - Shot by Tanner Pearson.
7:02 of 3rd period - Stopped by Cory Schneider with a rebound.
7:13 of 3rd period - Icing by Andreas Borgman.
7:14 of 3rd period - Derick Brassard wins face-off versus Mikko Koivu in Wild zone.
7:14 of 3rd period - Derick Brassard is hit by Rickard Rakell.
7:20 of 3rd period - Off-side.
7:21 of 3rd period - Christian Dvorak wins face-off versus Mikko Koivu in neutral zone.
7:32 of 3rd period - Shot by Trevor Lewis.
7:32 of 3rd period - Stopped by Cory Schneider without a rebound.
7:33 of 3rd period - Derick Brassard wins face-off versus Mika Zibanejad in Jets zone.
7:38 of 3rd period - Icing by Jay Bouwmeester.
7:39 of 3rd period - Derick Brassard wins face-off versus Mika Zibanejad in Jets zone.
8:36 of 3rd period - Christian Dvorak is hit by Mika Zibanejad and loses puck.
8:47 of 3rd period - Shot by Josh Gorges.
8:47 of 3rd period - Stopped by Cory Schneider without a rebound.
8:48 of 3rd period - Mikko Koivu wins face-off versus Tyler Bozak in Jets zone.
8:55 of 3rd period - Shot by Mikko Koivu.
8:55 of 3rd period - Stopped by Adin Hill with a rebound.
9:17 of 3rd period - Shot by Tyler Bozak.
9:17 of 3rd period - Shot Misses the Net.
9:44 of 3rd period - Jake Muzzin is hit by Adam Cracknell and loses puck.
9:49 of 3rd period - Shot by Trevor Lewis.
9:49 of 3rd period - Shot Misses the Net.
9:51 of 3rd period - Shot by Christian Dvorak.
9:51 of 3rd period - Deflect By Adam Cracknell.
9:51 of 3rd period - Goal by Adam Cracknell - Wild : 4 - Jets : 5.
9:52 of 3rd period - Radek Faksa wins face-off versus Derick Brassard in neutral zone.
9:57 of 3rd period - Shot by Patrice Bergeron.
9:57 of 3rd period - Stopped by Adin Hill without a rebound.
9:58 of 3rd period - Derick Brassard wins face-off versus Radek Faksa in Wild zone.
10:04 of 3rd period - Jason Spezza is hit by Tobias Enstrom and loses puck.
10:21 of 3rd period - Shot by Patrice Bergeron.
10:21 of 3rd period - Shot Misses the Net.
10:23 of 3rd period - Shot by Tobias Enstrom.
10:23 of 3rd period - Shot Misses the Net.
10:25 of 3rd period - Shot by Radek Faksa.
10:25 of 3rd period - Shot Misses the Net.
10:27 of 3rd period - Shot by Radek Faksa.
10:27 of 3rd period - Shot Blocked by Luke Schenn.
10:29 of 3rd period - Shot by Tobias Enstrom.
10:29 of 3rd period - Stopped by Adin Hill without a rebound.
10:30 of 3rd period - Christian Dvorak wins face-off versus Mika Zibanejad in Wild zone.
10:30 of 3rd period - Christian Dvorak is hit by Mika Zibanejad.
10:36 of 3rd period - Shot by Trevor Lewis.
10:36 of 3rd period - Stopped by Cory Schneider with a rebound.
10:51 of 3rd period - Shot by Mika Zibanejad.
10:51 of 3rd period - Stopped by Adin Hill without a rebound.
10:52 of 3rd period - Tyler Bozak wins face-off versus Mikko Koivu in Wild zone.
10:54 of 3rd period - Joonas Donskoi is hit by Rickard Rakell and loses puck.
11:02 of 3rd period - Tyler Bozak is hit by Hampus Lindholm and loses puck.
11:10 of 3rd period - Icing by Hampus Lindholm.
11:11 of 3rd period - Derick Brassard wins face-off versus Mikko Koivu in Jets zone.
11:30 of 3rd period - Shot by Rickard Rakell.
11:30 of 3rd period - Shot Misses the Net.
12:09 of 3rd period - Icing by Trevor Lewis.
12:10 of 3rd period - Patrice Bergeron wins face-off versus Christian Dvorak in Wild zone.
12:25 of 3rd period - Shot by Radek Faksa.
12:25 of 3rd period - Stopped by Adin Hill without a rebound.
12:26 of 3rd period - Mika Zibanejad wins face-off versus Tyler Bozak in Wild zone.
12:27 of 3rd period - Shot by Jeff Skinner.
12:27 of 3rd period - Stopped by Adin Hill with a rebound.
12:41 of 3rd period - Shot by Tyler Bozak.
12:41 of 3rd period - Shot Misses the Net.
12:43 of 3rd period - Shot by Joonas Donskoi.
12:43 of 3rd period - Shot Blocked by Mika Zibanejad.
12:45 of 3rd period - Shot by Josh Gorges.
12:45 of 3rd period - Deflect By Joonas Donskoi.
12:45 of 3rd period - Shot Hit the Post.
12:47 of 3rd period - Shot by Joonas Donskoi.
12:47 of 3rd period - Shot Misses the Net.
12:49 of 3rd period - Shot by Joonas Donskoi.
12:49 of 3rd period - Shot Misses the Net.
13:59 of 3rd period - Shot by Patrice Bergeron.
13:59 of 3rd period - Shot Misses the Net.
14:01 of 3rd period - Shot by Niklas Kronwall.
14:01 of 3rd period - Stopped by Adin Hill without a rebound.
14:02 of 3rd period - Christian Dvorak wins face-off versus Mikko Koivu in Wild zone.
14:02 of 3rd period - Christian Dvorak is hit by Rickard Rakell.
14:07 of 3rd period - Adam Cracknell is hit by Jake Muzzin and loses puck.
14:16 of 3rd period - Shot by Trevor Lewis.
14:16 of 3rd period - Stopped by Cory Schneider without a rebound.
14:17 of 3rd period - Derek MacKenzie wins face-off versus Tyler Bozak in Jets zone.
14:53 of 3rd period - Icing by Joonas Donskoi.
14:54 of 3rd period - Mikko Koivu wins face-off versus Tyler Bozak in Wild zone.
14:55 of 3rd period - Shot by Erik Gustafsson.
14:55 of 3rd period - Shot Blocked by Tyler Bozak.
15:29 of 3rd period - Shot by Cam Atkinson.
15:29 of 3rd period - Shot Misses the Net.
15:31 of 3rd period - Shot by Mikko Koivu.
15:31 of 3rd period - Stopped by Adin Hill with a rebound.
15:33 of 3rd period - Shot by Mikko Koivu.
15:33 of 3rd period - Shot Hit the Post.
16:07 of 3rd period - Mika Zibanejad is hit by Luke Schenn.
16:17 of 3rd period - Shot by Ondrej Kase.
16:17 of 3rd period - Goal by Ondrej Kase - Wild : 4 - Jets : 6.
16:18 of 3rd period - Christian Dvorak wins face-off versus Carl Soderberg in neutral zone.
16:18 of 3rd period - Christian Dvorak is hit by Patrice Bergeron.
16:30 of 3rd period - Shot by Hampus Lindholm.
16:30 of 3rd period - Stopped by Adin Hill with a rebound.
16:32 of 3rd period - Shot by Hampus Lindholm.
16:32 of 3rd period - Stopped by Adin Hill with a rebound.
16:39 of 3rd period - Patrice Bergeron is hit by Christian Folin and loses puck.
16:40 of 3rd period - Minor Penalty to Ian Cole for Roughing.
16:41 of 3rd period - Derick Brassard wins face-off versus Mika Zibanejad in Wild zone.
17:32 of 3rd period - Shot by Rickard Rakell.
17:32 of 3rd period - Shot Blocked by Christian Folin.
18:42 of 3rd period - Off-side.
18:43 of 3rd period - Radek Faksa wins face-off versus Christian Dvorak in neutral zone.
18:43 of 3rd period - Tobias Enstrom is hit by Adam Cracknell and loses puck.
19:38 of 3rd period - Shot by Mikko Koivu.
19:38 of 3rd period - Shot Blocked by Marc-Edouard Vlasic.
19:40 of 3rd period - Shot by Rickard Rakell.
19:40 of 3rd period - Stopped by Adin Hill with a rebound.
Goals for this period are 1 for Wild vs 1 for Jets.
Shots for this period are 10 for Wild vs 18 for Jets.